 Dungeon Crawl Stone Soup version 0.30-a0-223-gcb0039aa0c (webtiles) character file.

Game seed: 5936778984724561086

7331 themarg the Severer (level 10, -7/93 HPs)
             Began as a Minotaur Fighter on Oct 9, 2022.
             Was a Follower of Uskayaw.
             Mangled by a two-headed ogre
             ... wielding a +0 giant club
              (24 damage)
             ... on level 9 of the Dungeon.
             The game lasted 00:25:15 (7356 turns).

themarg the Severer (Minotaur Fighter)              Turns: 7356, Time: 00:25:16

Health: -7/93      AC: 14    Str: 31    XL:     10   Next: 90%
Magic:  10/13      EV:  9    Int:  5    God:    Uskayaw [*.....]
Gold:   406        SH: 10    Dex: 10    Spells: 9/9 levels left

rFire   . . .      SeeInvis .    a - +0 war axe
rCold   . . .      Faith    .    c - +0 buckler
rNeg    . . .      Spirit   .    b - +0 scale mail
rPois   .          Reflect  +    (helmet restricted)
rElec   .          Harm     .    p - +0 cloak
rCorr   .          Rampage  .    V - +0 pair of gloves
Will    .....                    T - +0 pair of boots
Stlth   ..........               F - amulet of reflection
HPRegen 0.35/turn                K - +6 ring of strength
MPRegen 0.13/turn                k - +4 ring of protection

@: no status effects
A: horns 2, retaliatory headbutt
a: Renounce Religion, Stomp


You were on level 9 of the Dungeon.
You worshipped Uskayaw.
Uskayaw was noncommittal.
You visited 1 branch of the dungeon, and saw 9 of its levels.
You also visited: Sewer and Ossuary.

You collected 406 gold pieces.

Inventory:

Hand Weapons
 a - a +0 war axe (weapon)
 n - a +2 dagger of flaming
Missiles
 i - 12 poisoned darts (quivered)
 L - a throwing net
Armour
 b - a +0 scale mail (worn)
 c - a +0 buckler (worn)
 p - a +0 cloak (worn)
 T - a +0 pair of boots (worn)
 V - a +0 pair of gloves (worn)
Jewellery
 e - a ring of positive energy
 f - a ring of protection from fire
 k - a +4 ring of protection (right hand)
 r - a +6 ring of intelligence
 B - a ring of protection from cold
 E - a ring of ice
 F - an amulet of reflection (around neck)
 K - a +6 ring of strength (left hand)
 M - a +6 ring of strength
Wands
 G - a wand of roots (18)
 H - a wand of mindburst (13)
 R - a wand of light (8)
Scrolls
 h - 3 scrolls of amnesia
 j - a scroll of silence {unknown}
 l - 2 scrolls of enchant armour
 m - 4 scrolls of enchant weapon
 o - 7 scrolls of teleportation
 s - 3 scrolls of immolation
 u - 2 scrolls of magic mapping
 y - 2 scrolls of noise {unknown}
 z - 2 scrolls of blinking {unknown}
 A - a scroll of torment {unknown}
 C - 2 scrolls of summoning
 J - 3 scrolls of fog
 O - 2 scrolls of vulnerability {unknown}
 Q - a scroll of fear {unknown}
Potions
 d - a potion of might
 g - a potion of haste {unknown}
 q - a potion of invisibility {unknown}
 t - a potion of resistance {unknown}
 v - 4 potions of heal wounds
 w - 6 potions of brilliance
 x - 4 potions of curing
 D - a potion of mutation {unknown}
 I - 3 potions of flight
 N - 2 potions of degeneration {unknown}
 P - 2 potions of magic {unknown}
 S - a potion of lignification {unknown}
 U - 2 potions of ambrosia {unknown}
 W - a potion of attraction {unknown}


   Skills:
 - Level 10.0 Fighting
 - Level 16.0 Axes
 - Level 3.6 Armour
 - Level 5.0 Shields
 + Level 5.5 Invocations


You had 9 spell levels left.
You didn't know any spells.
Your spell library contained the following spells:

 Spells                   Type           Power      Damage    Failure   Level
 Dazzling Flash           Conj/Hex       0%         N/A       99%         3
 Agony                    Necr           0%         N/A       100%        5
 Silence                  Hex/Air        0%         N/A       100%        5


Dungeon Overview and Level Annotations

Branches:
Dungeon (9/15)             Temple (0/1) D:5            Lair (0/5) D:9
    Orc (0/2) D:9           Sewer (visited)         Ossuary (visited)

Altars:
Nemelex Xobeh
Trog
Uskayaw
Wu Jian
Xom
Yredelemnul
The Shining One

Shops:
D:1 :   D:2 (   D:4 (   D:6 :   D:8 :

Annotations:
D:7 1 runed translucent door, ytrimaz's ghost, novice FoFi


Innate Abilities, Weirdness & Mutations

You have a pair of horns on your head.
You reflexively headbutt those who attack you in melee.


Message History

You feel yourself speed up.
You see here a death yak corpse.
A two-headed ogre comes into view.
It is wielding a +0 giant club and a +0 giant spiked club.
Found an escape hatch in the floor.
You can no longer merge with and destroy a victim.
You see here a scroll of immolation.
Found 5 stones.
Uskayaw prepares the audience for your solo!
The two-headed ogre is no longer paralysed.
You can no longer pass through a line of other dancers.
The two-headed ogre misses you.
The two-headed ogre hits you with a +0 giant spiked club!
You see here a scroll of identify.
You barely miss the two-headed ogre.
You headbutt the two-headed ogre, but do no damage.
You completely miss the two-headed ogre.
You headbutt the two-headed ogre!
The two-headed ogre is lightly wounded.
You block the two-headed ogre's attack.
The two-headed ogre hits you with a +0 giant spiked club!
* * * LOW HITPOINT WARNING * * *
You hit the two-headed ogre.
The two-headed ogre is lightly wounded.
You slice the two-headed ogre!!
The two-headed ogre is severely wounded.
The two-headed ogre misses you.
The two-headed ogre hits you with a +0 giant spiked club!
* * * LOW HITPOINT WARNING * * *
You can now pass through a line of other dancers.
You stomp with the beat, sending a shockwave through the revellers around you!
The two-headed ogre is severely wounded.
You can no longer pass through a line of other dancers.
You feel much better.
The two-headed ogre hits you with a +0 giant club.
The two-headed ogre hits you with a +0 giant spiked club!
* * * LOW HITPOINT WARNING * * *
You slash the two-headed ogre!
The two-headed ogre is almost dead.
The two-headed ogre hits you with a +0 giant club!!
You die...

#######.........#......#
#..#.....†.............#
#.......#..†...........#
##..#...?...††..........#
(.......#.>.............
#.......#...#......#####
#..........#...#.###
#................#
#...........@O...#
...>.......###....#
##.......... ......
########+... ..#. +....
.# #..... # #......
#.......


You could see a two-headed ogre.

Vanquished Creatures
  A two-headed ogre (D:8)
  3 death yaks (D:9)
  Pikel (D:6)
  A wraith (Ossuary)
  A human (D:9)
  A yak (D:9)
  Eustachio (D:6)
  A warg (D:9)
  2 acid dragons (D:8)
  A water moccasin (D:8)
  3 sky beasts
  A black bear (D:4)
  An ice beast (D:5)
  3 orc warriors
  2 ogres
  A centaur (D:9)
  2 lemures (D:6)
  A phantom (D:5)
  2 kobold brigands
  4 bullfrogs
  A gnoll sergeant (D:8)
  A necrophage (D:6)
  2 scorpions
  13 wights
  A howler monkey (D:6)
  2 gnoll boudas
  10 orc priests
  5 hounds
  6 iguanas
  5 orc wizards
  A hell rat (Sewer)
  3 mummies (Ossuary)
  16 gnolls
  3 adders
  3 river rats
  A white imp (D:6)
  An ufetubus (D:7)
  A worm (D:3)
  3 dart slugs (D:2)
  32 orcs
  5 ball pythons
  6 endoplasms
  2 giant cockroaches
  7 goblins
  3 hobgoblins
  4 jackals (D:4)
  7 quokkas
  7 bats
  2 frilled lizards
  2 gnoll zombies (Ossuary)
  3 goblin zombies (Ossuary)
  3 hobgoblin zombies (Ossuary)
  12 kobolds
  A kobold zombie (Ossuary)
  22 rats
229 creatures vanquished.

Vanquished Creatures (others)
  2 withered plants (D:7)
2 creatures vanquished.

Grand Total: 231 creatures vanquished

Notes
Turn   | Place    | Note
-------+----------+-------------------------------------------
     0 | D:1      | themarg the Minotaur Fighter began the quest for the Orb.
     0 | D:1      | Reached XP level 1. HP: 19/19 MP: 0/0
   302 | D:1      | Reached XP level 2. HP: 27/27 MP: 1/1
   334 | D:1      | Reached skill level 3 in Axes
   338 | D:1      | Found Zufysefy's Book Emporium.
   418 | D:1      | Found a faded altar of an unknown god.
   425 | D:1      | Prayed at the altar of an unknown god.
   425 | D:1      | Became a worshipper of Uskayaw the Reveller
   425 | D:1      | Reached * piety under Uskayaw
   627 | D:1      | Reached ** piety under Uskayaw
   877 | D:2      | Found Gile's Antique Weapon Shoppe.
   993 | D:2      | Reached XP level 3. HP: 33/33 MP: 2/2
  1827 | D:3      | Reached skill level 4 in Axes
  1940 | D:4      | Found Maut's Weapon Boutique.
  1953 | D:4      | Reached XP level 4. HP: 28/41 MP: 3/3
  2008 | D:4      | Noticed an ogre
  2117 | D:4      | Reached XP level 5. HP: 46/47 MP: 4/4
  2144 | D:4      | Reached *** piety under Uskayaw
  2147 | D:4      | Reached skill level 5 in Axes
  2148 | D:4      | Reached **** piety under Uskayaw
  2150 | D:4      | Reached skill level 5 in Shields
  2160 | D:4      | Reached skill level 5 in Fighting
  2176 | D:4      | Reached XP level 6. HP: 22/56 MP: 5/5
  2331 | D:4      | Reached skill level 6 in Axes
  2554 | D:4      | Reached skill level 7 in Axes
  2554 | D:4      | Reached XP level 7. HP: 22/62 MP: 6/6
  2754 | D:5      | Entered Level 5 of the Dungeon
  2955 | D:5      | Found a staircase to the Ecumenical Temple.
  3165 | D:5      | Reached skill level 8 in Axes
  3403 | D:5      | Found an ornate altar of the Wu Jian Council.
  3406 | D:5      | Found a bloodstained altar of Trog.
  3414 | D:5      | Found a basalt altar of Yredelemnul.
  3470 | D:6      | Found a sand-covered staircase.
  3474 | Ossuary  | Entered an ossuary
  3474 | Ossuary  | Noticed a wraith
  3474 | Ossuary  | Noticed a wraith
  3474 | Ossuary  | Noticed a wraith
  3576 | Ossuary  | Noticed a wraith
  3586 | Ossuary  | Killed a wraith
  3587 | Ossuary  | Reached skill level 9 in Axes
  3587 | Ossuary  | Reached XP level 8. HP: 55/73 MP: 7/7
  3870 | D:6      | Found a glowing drain.
  3880 | Sewer    | Entered a sewer
  4050 | D:6      | Found Umafui's Tremendous Tomes.
  4106 | D:6      | Noticed Eustachio
  4117 | D:6      | Killed Eustachio
  4118 | D:6      | Reached skill level 10 in Axes
  4165 | D:6      | Noticed Pikel
  4175 | D:6      | Killed Pikel
  4216 | D:6      | Found a sparkling altar of Nemelex Xobeh.
  4223 | D:6      | Reached skill level 11 in Axes
  4223 | D:6      | Reached XP level 9. HP: 73/82 MP: 9/9
  5478 | D:7      | Found a runed translucent door.
  5480 | D:7      | Noticed ytrimaz's ghost (novice FoFi)
  5594 | D:7      | Reached skill level 12 in Axes
  6120 | D:8      | Found a glowing golden altar of the Shining One.
  6128 | D:8      | Noticed a two-headed ogre
  6141 | D:8      | Killed a two-headed ogre
  6171 | D:8      | Reached XP level 10. HP: 54/93 MP: 12/12
  6236 | D:8      | Reached skill level 13 in Axes
  6247 | D:8      | Found a shimmering altar of Xom.
  6395 | D:8      | Reached skill level 10 in Fighting
  6395 | D:8      | Reached skill level 5 in Invocations
  6863 | D:8      | Found Ygyppu's Book Boutique.
  7230 | D:9      | Reached skill level 14 in Axes
  7271 | D:9      | Reached ***** piety under Uskayaw
  7274 | D:9      | Found a staircase to the Orcish Mines.
  7286 | D:9      | Noticed a death yak
  7288 | D:9      | Found a staircase to the Lair.
  7301 | D:9      | Killed a death yak
  7302 | D:9      | Reached skill level 15 in Axes
  7302 | D:9      | Noticed a death yak
  7303 | D:9      | Noticed a death yak
  7313 | D:9      | Killed a death yak
  7319 | D:9      | Killed a death yak
  7320 | D:9      | Reached skill level 16 in Axes
  7341 | D:9      | Noticed a two-headed ogre
  7356 | D:9      | Mangled by a two-headed ogre

Illustrated notes

Levels and vault maps discovered:
D:1:      grunt_arrival_lava_bath, layout_basic, serial_shops, shop,
          dilly_ecumenical_altar_fadedgnrine
D:2:      layout_basic, serial_rivers, chequers_serial_rivers_micro_e,
          chequers_serial_rivers_marsh, chequers_serial_rivers_micro_a,
          chequers_serial_rivers_small_b, chequers_serial_rivers_small_a,
          serial_shops, nicolae_shop_statue_plus, kennysheep_generic_room_13
D:3:      layout_rooms, hangedman_decor_opposing
D:4:      layout_rooms, serial_shops, shop
D:5:      layout_gridville, grunt_temple_overflow_diamond,
          minmay_temple_entry_statues_pillars
D:6:      layout_cave_pods, nemelex_dance_club_becter,
          cheibrodos_sewer_entry_drain, nicolae_ossuary_entry_false_entrances,
          nrook_pool_corridor, st_stairs_7, nicolae_shop_i_like_big_books,
          uniq_pikel, uniq_eustachio
D:7:      layout_basic, gammafunk_ghost_grave
D:8:      layout_cave_pools, kennysheep_little_box, lemuel_round_altar,
          serial_shops, shop, st_stairs_2
D:9:      layout_basic, slow_altar_1, dpeg_lair_monsters, erik_orc_4,
          dk_vineyard_3, st_stairs_8

Skill      XL: |  1  2  3  4  5  6  7  8  9 10 |
---------------+-------------------------------+-----
Axes           | 3 4 5 7 9 11 12 16 | 16.0
Shields        | 4 5 |  5.0
Fighting       | 4 5 7 8 9 10 | 10.0
Invocations    | 2 4 5 |  5.5
Armour         | |  3.6

Action                   |  1- 3 |  4- 6 |  7- 9 | 10-12 || total
-------------------------+-------+-------+-------+-------++-------
Melee: War axe           |   107 |    82 |   263 |   111 ||   563
       Headbutt          |    11 |    17 |    47 |    17 ||    92
Invok: Stomp             |       |       |       |     1 ||     1
  Use: Scroll            |       |     3 |     9 |     3 ||    15
       Potion            |       |       |       |     2 ||     2
 Stab: Paralysed         |       |     4 |    13 |    13 ||    30
Armor: Scale mail        |    50 |    54 |   103 |    35 ||   242
Dodge: Dodged            |    41 |    26 |    59 |    34 ||   160
Block: Buckler           |    27 |    13 |    94 |    43 ||   177
       Reflection        |       |       |     4 |     4 ||     8

Table legend: (Time is in decaauts)
 A = Elapsed time spent in this place.
 B = Non-inter-level travel time spent in this place.
 C = Inter-level travel time spent in this place.
 D = Time resting spent in this place.
 E = Time spent auto-exploring this place.
 F = Levels seen in this place.
 G = Mean time per level.
                   A        B        C        D        E       F      G
               +--------+--------+--------+--------+--------+-----+--------+
         Total |   7436 |   6981 |    455 |    693 |   4374 |  11 |  676.0 |
       Dungeon |   6947 |   6492 |    455 |    693 |   4260 |   9 |  771.9 |
         Sewer |     92 |     92 |      0 |      0 |     12 |   1 |   92.0 |
       Ossuary |    396 |    396 |      0 |      0 |    102 |   1 |  396.0 |
               +--------+--------+--------+--------+--------+-----+--------+

Top non-repeatable levels by time:
     D:7: 1395 daAuts
     D:6: 1083 daAuts
     D:1: 885 daAuts
     D:8: 840 daAuts
     D:4: 807 daAuts
     D:5: 681 daAuts
     D:2: 644 daAuts
     D:3: 482 daAuts
 Ossuary: 396 daAuts
     D:9: 127 daAuts
   Sewer: 92 daAuts
